Map: Void Thrashing

Players

marosh

  • Race: Terran Terran
  • Spawn Location: 6:00

Torti

  • Race: Protoss Protoss
  • Spawn Location: 9:00

VOD

Have the link to the VOD?

Description

Time

  • Played on: April 19, 2024, 3:57 p.m.
  • Length: 15:47
Show
View Real Time Build Order
Export as new Build Order

marosh Terran 

Build Orders:  

Get SALT Encoding   

  12  0:03  SCV  
  13  0:20  SCV  
  14  0:36  Supply Depot  
  14  0:37  SCV  
  15  0:54  SCV, Refinery  
  16  1:11  SCV, Refinery  
  17  1:27  Barracks  
  17  1:28  SCV  
  18  1:45  SCV  
  19  1:52  Supply Depot  
  19  2:02  SCV  
  20  2:17  Supply Depot  
  20  2:19  SCV  
  21  2:35  Factory  
  21  2:36  SCV  
  22  2:53  SCV  
  20  3:10  SCV  
  24  3:26  SCV  
  25  3:40  Supply Depot  
  25  3:43  SCV  
  26  3:55  Armory  
  26  4:00  SCV  
  27  4:17  SCV  
  28  4:30  Command Center  
  28  4:34  SCV  
  29  4:51  SCV  
  30  5:04  Terran Vehicle and Ship Weapons Level 1  
  30  5:08  SCV  
  30  5:09  Starport  
  31  6:05  Starport Tech Lab  
  31  6:14  Supply Depot x2  
  31  6:17  Supply Depot  
  31  6:18  Supply Depot  
  31  6:26  Starport  
  31  6:45  SCV  
  32  6:58  Refinery  
  32  7:02  SCV  
  33  7:19  SCV  
  34  7:29  Refinery  
  34  7:33  Starport Tech Lab  
  34  7:36  SCV  
  35  7:43  Fusion Core  
  35  7:44  Terran Vehicle And Ship Armor Level 1  
  35  7:45  Barracks Tech Lab  
  35  7:47  Factory Tech Lab  
  35  7:53  SCV  
  36  8:10  SCV  
  37  8:27  SCV  
  38  8:40  Orbital Command  
  38  8:44  SCV  
  38  8:49  Supply Depot  
  39  8:52  Supply Depot  
  39  8:54  Supply Depot  
  39  8:56  Supply Depot  
  39  9:00  SCV  
  39  9:07  Armory  
  40  9:12  Battlecruiser  
  40  9:14  Battlecruiser  
  40  9:17  SCV  
  53  9:34  SCV  
  54  9:51  SCV  
  55  10:08  SCV  
  56  10:20  Supply Depot  
  56  10:21  Supply Depot  
  56  10:23  Supply Depot, Terran Vehicle and Ship Weapons Level 2  
  56  10:24  Advanced Optics, Supply Depot x2  
  56  10:25  SCV  
  56  10:27  Supply Depot  
  56  10:28  Battlecruiser  
  63  10:42  SCV  
  64  10:59  SCV  
  65  11:16  SCV  
  65  11:18  Battlecruiser  
  66  11:20  Battlecruiser  
  78  11:33  SCV  
  79  11:50  SCV  
  80  12:01  Supply Depot x2  
  80  12:04  Supply Depot  
  80  12:07  SCV  
  81  12:15  Starport  
  81  12:24  SCV, Terran Vehicle And Ship Armor Level 2  
  82  13:13  Supply Depot  
  82  13:19  Starport Tech Lab  
  82  13:26  Battlecruiser  
  82  13:27  Battlecruiser  
  94  14:09  Battlecruiser  
  94  14:15  Battlecruiser  
  106  14:53  Battlecruiser  
Show
View Real Time Build Order
Export as new Build Order

Torti Protoss 

Build Orders:  

Get SALT Encoding   

  12  0:03  Probe (Chrono Boost)  
  13  0:17  Probe (Chrono Boost)  
  14  0:27  Pylon  
  14  0:31  Probe (Chrono Boost)  
  15  0:53  Gateway  
  15  0:54  Probe (Chrono Boost)  
  16  1:03  Cybernetics Core  
  16  1:08  Probe (Chrono Boost)  
  17  1:11  Assimilator  
  17  1:22  Probe (Chrono Boost)  
  17  1:26  Pylon  
  18  1:36  Probe (Chrono Boost)  
  19  1:50  Probe (Chrono Boost)  
  19  1:54  Legionnaire  
  19  1:57  Kaldalis' A.I. Personality  
  23  2:07  Probe (Chrono Boost)  
  24  2:24  Probe (Chrono Boost)  
  24  2:28  Adept  
  27  2:37  Talis' A.I. Personality  
  27  2:38  Probe (Chrono Boost)  
  28  2:45  Assimilator  
  28  2:52  Probe (Chrono Boost)  
  29  3:06  Probe (Chrono Boost)  
  30  3:20  Probe (Chrono Boost)  
  31  3:37  Nexus, Pylon  
  31  3:45  Assimilator  
  31  3:53  Robotics Facility  
  31  4:01  Probe (Chrono Boost)  
  32  4:16  Probe (Chrono Boost)  
  33  4:29  Warp Gate  
  33  4:30  Twilight Council, Probe (Chrono Boost)  
  33  4:39  Adept  
  36  4:44  Probe (Chrono Boost)  
  37  4:58  Probe (Chrono Boost)  
  38  5:05  Taldarin's A.I. Personality  
  38  5:12  Probe (Chrono Boost)  
  38  5:17  Immortal  
  43  5:23  Pylon  
  43  5:25  Empowered Blades  
  43  5:26  Probe (Chrono Boost)  
  44  5:39  Probe (Chrono Boost)  
  44  5:40  Probe (Chrono Boost)  
  44  5:48  Pylon  
  46  5:53  Probe (Chrono Boost)  
  46  5:54  Robotics Bay  
  46  5:56  Probe (Chrono Boost)  
  48  6:02  Assimilator  
  48  6:07  Probe (Chrono Boost)  
  49  6:10  Probe (Chrono Boost)  
  50  6:21  Probe (Chrono Boost)  
  50  6:24  Probe (Chrono Boost)  
  50  6:25  Assimilator  
  52  6:30  Debilitation System  
  52  6:35  Probe (Chrono Boost)  
  52  6:38  Probe (Chrono Boost)  
  54  6:41  Gateway  
  54  6:42  Gateway  
  54  6:43  Gateway  
  54  6:49  Probe (Chrono Boost)  
  55  6:52  Probe (Chrono Boost)  
  56  7:03  Immortal, Probe (Chrono Boost)  
  61  7:19  Probe (Chrono Boost)  
  45  7:20  Probe (Chrono Boost)  
  63  7:33  Probe x2 (Chrono Boost)  
  63  7:37  Warbringer's A.I. Personality  
  65  7:47  Probe x2 (Chrono Boost)  
  67  7:54  Pylon  
  67  8:01  Probe x2 (Chrono Boost)  
  67  8:02  Pylon x2  
  67  8:09  Forge  
  69  8:11  Forge  
  69  8:19  Colossus  
  75  8:26  Conservator  
  77  8:32  Conservator, Protoss Ground Weapons Level 1  
  77  8:33  Conservator x2  
  83  8:46  Purifier Armaments  
  83  9:11  Pylon  
  83  9:13  Conservator  
  83  9:15  Pylon  
  83  9:18  Robotics Facility  
  83  9:19  Robotics Facility  
  83  9:20  Robotics Facility  
  83  9:29  Adept x3  
  89  9:30  Adept  
  86  9:57  Legionnaire  
  86  9:58  Legionnaire, Adept  
  86  9:59  Conservator  
  96  10:11  Observer  
  96  10:14  Psionic Projection  
  96  10:15  Conservator x2  
  96  10:16  Gravimetric Overload  
  98  10:21  Probe (Chrono Boost)  
  98  10:26  Pylon  
  98  10:28  Pylon x2  
  98  10:29  Pylon  
  96  10:31  Pylon  
  96  10:32  Pylon  
  96  10:39  Conservator x2  
  100  10:40  Legionnaire, Adept  
  100  10:49  Protoss Ground Weapons Level 2  
  105  10:56  Protoss Ground Armor Level 1  
  105  11:02  Observer  
  105  11:04  Immortal x2  
  105  11:08  Adept x2  
  118  11:12  Observer  
  118  11:17  Legionnaire x2  
  125  11:32  Immortal  
  129  11:44  Conservator  
  129  11:48  Adept  
  129  11:49  Adept x3  
  137  11:52  Colossus  
  137  11:59  Observer  
  141  12:16  Adept x2  
  141  12:17  Legionnaire x2  
  141  12:19  Immortal  
  152  12:27  Immortal  
  150  12:38  Immortal  
  152  12:43  Adept  
  154  12:54  Pylon  
  154  12:55  Pylon  
  154  13:00  Pylon  
  154  13:07  Immortal  
  158  13:22  Pylon  
  158  13:30  Adept x4  
  158  13:34  Conservator x2  
  160  14:07  Conservator, Immortal x3  
  160  14:08  Immortal  
  176  14:14  Adept x2  
  176  14:15  Adept x2  
  184  14:47  Adept  
  184  14:48  Adept x3  
  187  15:21  Pylon x2  
  187  15:33  Adept  
Tags
 
Add a new tag
Caveats
  • Supply blocks, unpowered buildings, or Contaminate may cause inaccurate times.
  • Supply counts are checked every 10 seconds.